[Event "*** Titled Tuesday Blitz"]
[Site "Chess.com"]
[Date "2021.04.20"]
[Round "6"]
[White "mamonika"]
[Black "Roedor"]
[Result "0-1"]
[WhiteElo "2054"]
[BlackElo "2274"]
[TimeControl "180+1"]
[EndTime "11:05:19 PDT"]
[Termination "Roedor won by resignation"]

1. e4 c5 2. Nf3 d6 3. d4 cxd4 4.
Nxd4 Nf6 5. Nc3 a6 6. Be2 e5 7.
Nb3 Be7 8. Be3 Be6 9. Bf3 Nbd7 10. Nd5 Bxd5 11. exd5 Rc8 12. O-O O-O 13. Rc1 b5 14.
Qd3 Rc4 15. Nd2 Ra4 16. a3 Qc7 17. c4 Nc5 18. Bxc5 Qxc5 19. b4 bxc4 20. Rxc4 Qb5 21.
Bd1 e4 22. Qd4 Rxa3 23. Nxe4 Nxd5 24. Bf3 f5 25. Nxd6 Bxd6 26. Bxd5+ Kh8 27. Rc6 Bxh2+ 28.
Kxh2 Qxf1 29. Rc7 Qa1 30. Qh4 Qe5+ 31. Qg3 Rxg3 0-1

[Event "*** Titled Tuesday Blitz"]
[Site "Chess.com"]
[Date "2021.04.20"]
[Round "6"]
[White "ChristopherYoo"]
[Black "Bad_left_hook"]
[Result "1-0"]
[WhiteElo "2878"]
[BlackElo "2630"]
[TimeControl "180+1"]
[EndTime "11:05:21 PDT"]
[Termination "ChristopherYoo won by resignation"]

1. d4 Nf6 2. Nf3 e6 3. c4 Bb4+ 4. Bd2 Qe7 5. g3 O-O 6. Bg2 Nc6 7. O-O Bxd2 8. Qxd2 d6 9. Nc3 e5 10. Rac1 e4 11. Ng5 Bf5 12. d5 Na5 13. Qf4 Bg6 14.
Ngxe4 Nxe4 15. Bxe4 Bxe4 16. Nxe4 Rfe8 17. Nc3 Qe5 18.
Qxe5 Rxe5 19. b3 b6 20. e3 Nb7 21. Nb5 Re7 22. Rfd1 a6 23. Nd4 Nc5 24. b4 Ne4 25. f3 Nf6 26. e4 Nd7 27. Rc3 Ree8 28. Ra3 g6 29. Kf2 Kg7 30. Re1 Ne5 31. Rc1 b5 32. c5 a5 33. Nxb5 axb4 34. Rxa8 Rb8 35.
Rxb8 1-0

[Event "*** Titled Tuesday Blitz"]
[Site "Chess.com"]
[Date "2021.04.20"]
[Round "6"]
[White "Andrakhanova"]
[Black "kritipatel"]
[Result "1-0"]
[WhiteElo "2313"]
[BlackElo "1739"]
[TimeControl "180+1"]
[EndTime "11:05:21 PDT"]
[Termination "Andrakhanova won by checkmate"]

1. c4 e6 2. g3 Nf6 3. Bg2 d5 4. cxd5 exd5 5. Nf3 Be7 6. O-O O-O 7. d4 c6 8. Nc3 Bf5 9. h3 Nbd7 10. Bf4 h6 11. Qd2 Qc8 12. Kh2 Re8 13. g4 Bg6 14. Ne5 Nxe5 15.
dxe5 Ne4 16. Nxe4 dxe4 17. Qe3 f5 18. gxf5 Qxf5 19. Rad1 Rf8 20. Bg3 Bg5 21. Qb3+ Kh7 22. e3 Bh5 23. Rd4 Bf3 24. Bxf3 Qxf3 25. Rfd1 Rf5 26.
Qxb7 Raf8 27. Rd7 R5f7 28. Rxf7 Rxf7 29. Rd7 Rxd7 30. Qxd7 Qe2 31. Qf5+ Kg8 32. Qxe4 Qxb2 33. e6 Be7 34. Qxc6 Qxa2 35. Qe8+ Kh7 36. Qxe7 a5 37. Qf7 a4 38. Qf5+ Kg8 39. e7 Qf7 40. Qe5 Qe8 41.
Qe6+ Kh7 42. Bd6 a3 43. Qf5+ Kh8 44. Qf8+ Qxf8 45.
exf8=Q+ Kh7 46. Be5 a2 47. Qxg7# 1-0

[Event "*** Titled Tuesday Blitz"]
[Site "Chess.com"]
[Date "2021.04.20"]
[Round "6"]
[White "AniJak"]
[Black "BL4D3RUNN3R"]
[Result "1-0"]
[WhiteElo "2280"]
[BlackElo "2106"]
[TimeControl "180+1"]
[EndTime "11:05:22 PDT"]
[Termination "AniJak won on time"]

1. e4 c6 2. d4 d5 3. e5 c5 4. dxc5 e6 5. a3 Bxc5 6. b4 Bb6 7. Nf3 a5 8. b5 Nd7 9. Bb2 Ne7 10. Nbd2 Ng6 11.
Bd3 Qc7 12. Bxg6 hxg6 13. O-O Nc5 14. Rb1 Na4 15. c4 Nxb2 16. Rxb2 dxc4 17. Rc2 O-O 18. Nxc4 Qd8 19. Qe2 Bc5 20. a4 b6 21. Rd1 Qc7 22.
Nd6 Bb7 23. Ng5 Rad8 24. Nge4 Bxe4 25. Qxe4 Qe7 26. Rcd2 Rd7 27. h3 Rfd8 28. Nc8 Rxc8 29. Rxd7 Qg5 30. Qb7 Rf8 31. Qe4 Qh5 32. R1d3 Qg5 33. Rf3 Qc1+ 34. Kh2 Qb2 35. Qf4 Qb4 36. Rxf7 Rxf7 37. Qxf7+ 1-0

[Event "*** Titled Tuesday Blitz"]
[Site "Chess.com"]
[Date "2021.04.20"]
[Round "6"]
[White "draksbg"]
[Black "Twitch_ElhamBlitz05"]
[Result "1-0"]
[WhiteElo "2547"]
[BlackElo "2736"]
[TimeControl "180+1"]
[EndTime "11:05:23 PDT"]
[Termination "draksbg won by resignation"]

1. e4 c6 2. Nf3 d5 3. exd5 cxd5 4.
Ne5 Nf6 5. d4 g6 6. Bd3 Bg7 7. O-O O-O 8. c3 Nc6 9. f4 Bf5 10. Bxf5 gxf5 11. Nd2 e6 12. Ndf3 Ne4 13. Be3 Kh8 14. Qe1 Nxe5 15. fxe5 Rg8 16. Kh1 f6 17.
Bf4 fxe5 18. Nxe5 Qe7 19. Rf3 Bf6 20. Rh3 Bg5 21. Qe3 Bxf4 22. Qxf4 Rg5 23. Qh4 Rag8 24. Rg1 Qg7 25. Qf4 Rg4 26. Nxg4 fxg4 27. Re3 Rf8 28. Rxe4 dxe4 29. Qxe4 g3 30. Re1 gxh2 31. Qxe6 Rf6 32.
Qc8+ Rf8 33. Re8 Kg8 1-0

[Event "*** Titled Tuesday Blitz"]
[Site "Chess.com"]
[Date "2021.04.20"]
[Round "6"]
[White "attack2mateU"]
[Black "AldokhinIvan"]
[Result "1-0"]
[WhiteElo "2697"]
[BlackElo "2520"]
[TimeControl "180+1"]
[EndTime "11:05:23 PDT"]
[Termination "attack2mateU won on time"]

1. e4 c5 2. Nf3 e6 3. c3 Nf6 4. e5 Nd5 5. d4 cxd4 6. cxd4 d6 7. Bc4 Bd7 8. O-O Bc6 9. Re1 Nd7 10. Nbd2 dxe5 11.
dxe5 Nc5 12. Nd4 Be7 13. Nxc6 bxc6 14. Qg4 O-O 15. Nf3 Re8 16. Bd2 Qb6 17. b3 Rad8 18.
h4 Nb4 19. Bh6 g6 20. h5 Nc2 21. hxg6 hxg6 22. Ng5 Nxe1 23. Rxe1 Nd3 24. Bxd3 Rxd3 25. Nxe6 Qb4 26. Re4 Qc3 27. Nf4 Rd4 28. Nxg6 Qa1+ 29.
Kh2 Kh7 30. Nxe7 1-0

[Event "*** Titled Tuesday Blitz"]
[Site "Chess.com"]
[Date "2021.04.20"]
[Round "6"]
[White "Reader777"]
[Black "nocnypako"]
[Result "1-0"]
[WhiteElo "2696"]
[BlackElo "2519"]
[TimeControl "180+1"]
[EndTime "11:05:23 PDT"]
[Termination "Reader777 won on time"]

1. d4 Nf6 2. c4 g6 3. Nc3 d5 4.
cxd5 Nxd5 5. e4 Nxc3 6. bxc3 Bg7 7. Bc4 c5 8. Ne2 Nc6 9. Be3 O-O 10. O-O Qc7 11. Rc1 e6 12. Qd2 b6 13. Bh6 Rd8 14. Bxg7 Kxg7 15. Qe3 Qe7 16. f4 f5 17. Rfd1 Bb7 18.
Bb3 Rac8 19. d5 exd5 20. Bxd5 fxe4 21. Ng3 Na5 22. Bxb7 Nxb7 23. f5 Kh8 24. fxg6 hxg6 25. Rf1 Rc7 26. Rce1 Nd6 27. Qh6+ Qh7 28. Qg5 Re7 29.
Nxe4 Nxe4 30. Rxe4 Rde8 31. Rh4 1-0

[Event "*** Titled Tuesday Blitz"]
[Site "Chess.com"]
[Date "2021.04.20"]
[Round "6"]
[White "MagzyPotato"]
[Black "dhaessel"]
[Result "1/2-1/2"]
[WhiteElo "2366"]
[BlackElo "2083"]
[TimeControl "180+1"]
[EndTime "11:05:23 PDT"]
[Termination "Game drawn by repetition"]

1. d4 Nf6 2. c4 g6 3. Nc3 d5 4. cxd5 Nxd5 5. e4 Nxc3 6. bxc3 Bg7 7. Nf3 c5 8. Rb1 O-O 9. Be2 cxd4 10. cxd4 Qa5+ 11. Bd2 Qxa2 12. O-O Bg4 13. Be3 Nc6 14.
Rxb7 Rfd8 15. d5 Bxf3 16. Bxf3 e6 17. dxc6 Rxd1 18. Rxd1 Be5 19. c7 Kg7 20. g3 Rc8 21. Rxa7 Qc2 22. Rc1 Qb2 23. Rc4 h5 24. h4 Qb3 25. Be2 Bxg3 26. Rc5 Bd6 27. Ba6 Bxc5 28. Bxc5 Qb1+ 29. Kh2 Qc2 30. Bd4+ Kh7 31. Bxc8 Qxe4 32. Be3 Qxh4+ 33. Kg2 Qg4+ 34. Kh1 Qh4+ 35. Kg1 Qg4+ 36. Kf1 Qd1+ 37. Kg2 Qg4+ 38. Kh2 Qh4+ 39. Kg1 Qg4+ 40.
Kh1 Qh4+ 41. Kg2 Qg4+ 1/2-1/2

[Event "*** Titled Tuesday Blitz"]
[Site "Chess.com"]
[Date "2021.04.20"]
[Round "6"]
[White "Jenia84"]
[Black "Grandmaster2B"]
[Result "1-0"]
[WhiteElo "2414"]
[BlackElo "2544"]
[TimeControl "180+1"]
[EndTime "11:05:24 PDT"]
[Termination "Jenia84 won on time"]

1. e4 c5 2. Nf3 d6 3. d4 cxd4 4. Nxd4 Nf6 5. Nc3 a6 6. Be3 e5 7. Nb3 Be6 8. Be2 Nbd7 9. Qd3 Be7 10. O-O b5 11. Nd5 O-O 12. a4 Bxd5 13. exd5 b4 14. Nd2 Qc7 15. b3 Qc3 16. Qxc3 bxc3 17. Nc4 Nxd5 18. Rfd1 N7f6 19. Bg5 Nb4 20. Rac1 Na2 21. Rb1 Nb4 22. Bd3 Rad8 23. Nb6 e4 24. Bc4 Nxc2 25.
Rbc1 Nb4 26. Rxc3 d5 27. Bf1 h6 28. Be3 Ng4 29. Bc5 Bxc5 30. Rxc5 Nf6 31. a5 1-0

[Event "*** Titled Tuesday Blitz"]
[Site "Chess.com"]
[Date "2021.04.20"]
[Round "6"]
[White "RamyresCoelho"]
[Black "vanyakuba"]
[Result "0-1"]
[WhiteElo "2212"]
[BlackElo "2398"]
[TimeControl "180+1"]
[EndTime "11:05:24 PDT"]
[Termination "vanyakuba won by checkmate"]

1. e4 d5 2. exd5 Qxd5 3. Nc3 Qa5 4. Nf3 Nf6 5. Bc4 Bg4 6. h3 Bh5 7. g4 Bg6 8. d4 Nc6 9. Bd2 O-O-O 10. Nd5 Qa4 11.
b3 Qa3 12. Nxf6 gxf6 13. c3 e5 14. d5 Ne7 15. Bc1 Qd6 16. O-O Nxd5 17. Qe1 h5 18. g5 fxg5 19. Nxg5 Rg8 20. Kh1 Be7 21. h4 f6 22. Ne4 Qd7 23. Kh2 Bxe4 24. Qxe4 Rg4 25. Bxd5 Rxe4 26. Bxe4 Qg4 27. Bg2 Qxh4+ 28. Bh3+ Kb8 29. f4 Rg8 30. Rf3 Qe1 31. Bb2 Qe2+ 32. Bg2 Qxg2# 0-1

[Event "*** Titled Tuesday Blitz"]
[Site "Chess.com"]
[Date "2021.04.20"]
[Round "6"]
[White "saikrishnaReturns"]
[Black "vugarrasulov"]
[Result "0-1"]
[WhiteElo "2670"]
[BlackElo "2840"]
[TimeControl "180+1"]
[EndTime "11:05:25 PDT"]
[Termination "vugarrasulov won by checkmate"]

1. e4 e5 2. Nf3 Nc6 3. Bb5 a6 4. Ba4 g6 5. h4 h6 6. d4 exd4 7.
c3 Bg7 8. cxd4 Nge7 9. Nc3 b5 10.
Bb3 d6 11. h5 g5 12. Bxg5 hxg5 13. Nxg5 d5 14. Nxd5 Nxd4 15. h6 Be5 16. Nxf7 Kxf7 17.
Qh5+ Ke6 18. Nf4+ Kd6 19. Rd1 c5 20. Nd3 Nec6 21. f4 Kc7 22. fxe5 c4 23. Nc5 Qe7 24. e6 cxb3 25. Rxd4 Nxd4 26. Qe5+ Qd6 27. Qxh8 Qxc5 28. h7 Qc1+ 29. Kf2 Qf4+ 30. Ke1 Qe3+ 31. Kf1 Qe2+ 32. Kg1 Qe1+ 33. Kh2 Qh4+ 34. Kg1 Ne2+ 35. Kf1 Ng3+ 36.
Kf2 Nxh1+ 37. Kg1 Bb7 38. Qg7+ Kc6 39. Qc3+ Kd6 40. Qd4+ Kxe6 41. Qb6+ Ke5 42. Qc7+ Kd4 43. Qc3+ Kxe4 44. Qb4+ Kd3 45. Qxh4 bxa2 46. h8=Q a1=Q+ 47. Kh2 Rxh8 48. Qxh8 Nf2 49. Qd8+ Ke2 50. Qe7+ Kf1 51. Qxb7 Qxb2 52. Qxa6 Qe5+ 53. g3 Qh5# 0-1

[Event "*** Titled Tuesday Blitz"]
[Site "Chess.com"]
[Date "2021.04.20"]
[Round "6"]
[White "Kapibara_Warri0r"]
[Black "Vandros57"]
[Result "0-1"]
[WhiteElo "2208"]
[BlackElo "2181"]
[TimeControl "180+1"]
[EndTime "11:05:25 PDT"]
[Termination "Vandros57 won by resignation"]

1. e4 c5 2. Nf3 e6 3. d4 cxd4 4. Nxd4 Nf6 5. Nc3 Nc6 6. Be3 Bb4 7. Bd3 d5 8. O-O e5 9. Nxc6 bxc6 10. exd5 Bxc3 11.
bxc3 cxd5 12. Bc5 Qc7 13. Bb5+ Bd7 14. Bxd7+ Nxd7 15. Qxd5 Rc8 16. Bb4 Qc6 17. Qd3 a5 18. Ba3 Nc5 19. Qe3 f6 20. f4 e4 21. Kh1 O-O 22. Bxc5 Qxc5 23. Qxe4 Rfe8 24. Qb7 Qxc3 25. Rad1 Qxc2 26. Rd7 Qg6 27. f5 Qg5 28. Qb3+ Kh8 29.
Qf7 Re2 30. g3 Rxh2+ 31. Kxh2 Rc2+ 32. Rf2 Rxf2+ 0-1

[Event "*** Titled Tuesday Blitz"]
[Site "Chess.com"]
[Date "2021.04.20"]
[Round "6"]
[White "Omk124"]
[Black "AEMEffi"]
[Result "0-1"]
[WhiteElo "2533"]
[BlackElo "2336"]
[TimeControl "180+1"]
[EndTime "11:05:26 PDT"]
[Termination "AEMEffi won by checkmate"]

1. e4 e5 2. Nf3 Nc6 3. Bc4 Bc5 4. c3 Nf6 5. d3 d6 6. Nbd2 a5 7. Bb3 O-O 8. Nf1 d5 9. exd5 Nxd5 10. Ng3 Nf4 11. Bxf4 exf4 12. Ne4 Bd6 13. O-O Bg4 14. h3 Bh5 15. Re1 Ne5 16. d4 Nxf3+ 17. gxf3 Kh8 18.
Kh2 Qh4 19. Rf1 Rae8 20. Nxd6 cxd6 21. Bd5 f5 22. Qd2 Rf6 23. Rh1 Rh6 24. Kg2 Rg6+ 25. Kf1 Qg5 26. Be4 Qg2+ 27. Ke2 Rxe4+ 28. Kd3 Qxf3+ 29.
Kc4 d5+ 30. Kb3 Rb6+ 31. Ka3 Re2 32. Qd1 Rbxb2 33. Re1 Qxc3+ 34. Ka4 Qb4# 0-1

[Event "*** Titled Tuesday Blitz"]
[Site "Chess.com"]
[Date "2021.04.20"]
[Round "6"]
[White "Guzman70"]
[Black "chessajedrezz2020"]
[Result "0-1"]
[WhiteElo "2310"]
[BlackElo "2704"]
[TimeControl "180+1"]
[EndTime "11:05:26 PDT"]
[Termination "chessajedrezz2020 won by checkmate"]

1. d4 d5 2. Bf4 Nf6 3. e3 c5 4. Nf3 Nc6 5. c3 e6 6. Nbd2 Bd6 7. Bg3 Qe7 8. Bb5 O-O 9. O-O Bd7 10. dxc5 Bxg3 11.
hxg3 Qxc5 12. Bd3 e5 13. e4 Bg4 14. exd5 Qxd5 15. Bc4 Qc5 16. b4 Qe7 17. Qb3 e4 18.
Rfe1 Rae8 19. Ng5 Bf5 20. Re2 h6 21. Nh3 Qd7 22. Rae1 Bxh3 23. gxh3 Qxh3 24. Re3 Ng4 25. Nf1 Nce5 26. Be2 Nxe3 27. Nxe3 Nf3+ 28. Bxf3 exf3 29. Qc2 Re5 30. g4 Rfe8 31. Qd2 Re4 32. Rc1 Rxg4+ 33. Nxg4 Qg2# 0-1

[Event "*** Titled Tuesday Blitz"]
[Site "Chess.com"]
[Date "2021.04.20"]
[Round "6"]
[White "Abund"]
[Black "ljuks68"]
[Result "1-0"]
[WhiteElo "2741"]
[BlackElo "2458"]
[TimeControl "180+1"]
[EndTime "11:05:27 PDT"]
[Termination "Abund won on time"]

1. e4 e6 2. d4 d5 3. Nd2 Nf6 4. e5 Nfd7 5. Bd3 c5 6. c3 Nc6 7. Ne2 cxd4 8. cxd4 f6 9. exf6 Qxf6 10. O-O h6 11.
Nf3 Bd6 12. Ng3 O-O 13. Be3 Rd8 14. Rc1 Nf8 15. Bb1 Bd7 16. Re1 Be8 17. Qb3 Na5 18. Qc3 Nc4 19. Bd3 Rac8 20. Bxc4 Rxc4 21. Qb3 b5 22.
Nd2 Rcc8 23. Nf3 Ng6 24. Rxc8 Rxc8 25. Rc1 Rc4 26. Qd1 Nf4 27. b3 Rxc1 28. Qxc1 Bd7 29.
Bxf4 Bxf4 30. Qc5 Qg6 31. Qxa7 Qb1+ 32. Nf1 Be8 33. Qe7 Bf7 34. g3 Bc1 35. Ne5 Qf5 36. Qc5 1-0

[Event "*** Titled Tuesday Blitz"]
[Site "Chess.com"]
[Date "2021.04.20"]
[Round "6"]
[White "DrCeltic"]
[Black "NateSolon"]
[Result "0-1"]
[WhiteElo "2491"]
[BlackElo "2645"]
[TimeControl "180+1"]
[EndTime "11:05:27 PDT"]
[Termination "NateSolon won on time"]

1. e4 c5 2. Nf3 d6 3. d4 cxd4 4. Nxd4 Nf6 5. Nc3 a6 6. Be3 e5 7.
Nf3 Be7 8. Bc4 Be6 9. Bxe6 fxe6 10. O-O Nbd7 11. Ng5 Nf8 12. Qf3 h6 13. Qh3 Qd7 14.
f4 exf4 15. Bxf4 hxg5 16. Qxh8 gxf4 17. Rxf4 O-O-O 18. Rff1 Ng6 19. Qxg7 Rg8 20. Qh6 Ne5 21. h3 Qd8 22. Rad1 Kb8 23. Kh1 Rg6 24. Qh4 Nfg4 25. Qe1 Bg5 26. Ra1 Ne3 27. Rf2 N3c4 28. b3 Nb6 29. a4 Bh4 30. a5 Nbd7 0-1

[Event "*** Titled Tuesday Blitz"]
[Site "Chess.com"]
[Date "2021.04.20"]
[Round "6"]
[White "GM_LOADING"]
[Black "Firouzja2003"]
[Result "0-1"]
[WhiteElo "2548"]
[BlackElo "3128"]
[TimeControl "180+1"]
[EndTime "11:05:28 PDT"]
[Termination "Firouzja2003 won by resignation"]

1. e4 c5 2. Nf3 d6 3. d4 cxd4 4. Nxd4 Nf6 5. Nc3 Nbd7 6. g3 Nc5 7. Bg2 Bg4 8. Qd2 g6 9. h3 Bd7 10. Qe2 Bg7 11. Be3 O-O 12. O-O a6 13. Rfe1 Rc8 14. Rad1 b5 15. Bg5 h6 16. Bc1 Qc7 17. Nd5 Nxd5 18. exd5 Rfe8 19. c3 Na4 20. a3 Nb6 21.
Bf4 Qc4 22. Qf3 Rc5 23. Nc6 Nxd5 24. Na5 Qa4 25. Rxd5 Rxd5 26. Qxd5 Qxa5 27. Qb7 Bc8 28. Qa7 e5 29. Be3 Qd8 30. Bc6 Re7 31. Qb8 Qc7 32. Qxc7 Rxc7 33. Bd5 Be6 34. Rd1 Bxd5 35. Rxd5 Bf8 36. a4 Rb7 37. Rxb5 axb5 0-1

[Event "*** Titled Tuesday Blitz"]
[Site "Chess.com"]
[Date "2021.04.20"]
[Round "6"]
[White "IljaJoke"]
[Black "Nuvas"]
[Result "0-1"]
[WhiteElo "2489"]
[BlackElo "2645"]
[TimeControl "180+1"]
[EndTime "11:05:30 PDT"]
[Termination "Nuvas won on time"]

1. d4 d5 2. c4 c6 3. cxd5 cxd5 4. Bf4 Nc6 5. e3 Nf6 6. Bb5 Bd7 7. Nf3 e6 8. Nbd2 a6 9. Be2 Be7 10. O-O O-O 11.
h3 h6 12. Rc1 Qa5 13. a3 Rfc8 14. Nb3 Qb6 15. Bd3 Na5 16. Nxa5 Qxa5 17. Qb3 Bb5 18. Bxb5 axb5 19. Rc2 b4 20. Rfc1 Rxc2 21. Rxc2 bxa3 22.
bxa3 b5 23. Rb2 Bxa3 24. Ra2 Qa4 25. Qb1 Ne4 26. Rc2 b4 27. Rc7 b3 28. Ne5 b2 29.
Nxf7 Bd6 30. Bxd6 Qa1 0-1

[Event "*** Titled Tuesday Blitz"]
[Site "Chess.com"]
[Date "2021.04.20"]
[Round "6"]
[White "WisdomGame"]
[Black "kai_nov"]
[Result "0-1"]
[WhiteElo "2091"]
[BlackElo "2318"]
[TimeControl "180+1"]
[EndTime "11:05:30 PDT"]
[Termination "kai_nov won by checkmate"]

1. Nf3 d5 2. g3 c5 3. Bg2 Nf6 4. O-O e6 5. c4 d4 6. d3 Nc6 7.
e3 Bd6 8. exd4 cxd4 9. Re1 O-O 10. Bd2 Re8 11. a3 a5 12. Ng5 e5 13. h4 Bg4 14.
Qc1 Bf5 15. Ne4 Nxe4 16. Bxe4 Bxe4 17. Rxe4 f5 18. Bg5 Qd7 19. Re1 e4 20. Qd1 h6 21.
Bc1 exd3 22. Rxe8+ Rxe8 23. Nd2 f4 24. Nf1 fxg3 25.
fxg3 Qf5 26. g4 Qe4 27. Bd2 Ne5 28. Nh2 Nxc4 29. Nf1 Ne3 30. Qb3+ Kh8 31. Bxe3 dxe3 32. Re1 e2 33. Nh2 Bc5# 0-1

[Event "*** Titled Tuesday Blitz"]
[Site "Chess.com"]
[Date "2021.04.20"]
[Round "6"]
[White "Supernotar"]
[Black "RD4ever"]
[Result "1/2-1/2"]
[WhiteElo "2683"]
[BlackElo "2861"]
[TimeControl "180+1"]
[EndTime "11:05:31 PDT"]
[Termination "Game drawn by repetition"]

1. d4 d5 2. c4 e6 3. Nf3 a6 4. e3 Nf6 5. Nbd2 b6 6. Bd3 Bb7 7. O-O Nbd7 8. Qe2 Bd6 9. e4 dxe4 10. Nxe4 O-O 11. b3 a5 12. Bb2 a4 13. Rad1 axb3 14.
axb3 Ra5 15. Ne5 Qa8 16. Nxd7 Nxd7 17. Nxd6 cxd6 18. f3 b5 19. Ra1 bxc4 20. bxc4 Bc6 21. Bc3 Rxa1 22. Rxa1 Qb7 23. Qc2 h6 24. Rb1 Qc7 25. Kh1 Rb8 26. Rxb8+ Qxb8 27. h3 Qa8 28. Qb2 Bxf3 29. d5 Qa4 30. dxe6 Qd1+ 31. Kh2 fxe6 32.
Qb5 Nf8 33. c5 Bc6 34. Qxc6 Qxd3 35. cxd6 Qd5 36. Qc7 e5 37. Qe7 Ng6 38. Qd7 Nf4 39. Qc8+ Kh7 40. Qf5+ Kh8 41. Qc8+ Kh7 42. Qf5+ Kg8 43.
Qc8+ Kh7 1/2-1/2

[Event "*** Titled Tuesday Blitz"]
[Site "Chess.com"]
[Date "2021.04.20"]
[Round "6"]
[White "GregShahade"]
[Black "exoticprincess"]
[Result "0-1"]
[WhiteElo "2709"]
[BlackElo "2927"]
[TimeControl "180+1"]
[EndTime "11:05:32 PDT"]
[Termination "exoticprincess won by resignation"]

1. e4 e5 2. Nf3 Nf6 3. Nxe5 d6 4.
Nf3 Nxe4 5. Nc3 Nxc3 6. dxc3 Be7 7. Be3 Nc6 8. Qd2 Bf5 9. O-O-O O-O 10. Rg1 Qd7 11.
h3 Rae8 12. g4 Be4 13. Be2 a6 14. Ng5 Bxg5 15. Bxg5 Qe6 16. b3 Bxc2 17. Rde1 Bg6 18. f4 Be4 19. Bc4 d5 20. f5 Qd6 21. Bd3 Bxd3 22.
Qxd3 Ne5 23. Qg3 d4 24. Bf4 dxc3 25. Rxe5 Rxe5 26. Qxc3 Qa3+ 27. Qb2 Qxb2+ 28. Kxb2 Re2+ 29. Kc3 Rxa2 30. Rd1 Rf2 31. Bxc7 Rf3+ 32. Kb4 Rxh3 33. Rd7 h5 34. g5 Re8 35. g6 fxg6 36. fxg6 Rh4+ 37.
Ka3 Rg4 38. Rd6 h4 39. Rb6 h3 40. Rxb7 Rxg6 41. Rb4 Rh6 0-1

[Event "*** Titled Tuesday Blitz"]
[Site "Chess.com"]
[Date "2021.04.20"]
[Round "6"]
[White "mjray79"]
[Black "chess94cu"]
[Result "1-0"]
[WhiteElo "2445"]
[BlackElo "2579"]
[TimeControl "180+1"]
[EndTime "11:05:32 PDT"]
[Termination "mjray79 won by resignation"]

1. d4 Nf6 2. c4 e6 3. g3 c5 4. d5 exd5 5. cxd5 d6 6. Bg2 g6 7. Nf3 Bg7 8. O-O O-O 9. Nc3 a6 10. a4 Nbd7 11. Bf4 Qe7 12. Rc1 Rb8 13. a5 Re8 14. Na4 b5 15. Nxc5 Nxc5 16. Rxc5 dxc5 17. Bxb8 Bb7 18. d6 Qxe2 19. Ba7 Nd7 20. Ne5 Qxd1 21.
Rxd1 Bxg2 22. Nxd7 Bf3 23. Rb1 Rd8 24. Nxc5 Rxd6 25. b4 h5 26. h4 Bf6 27. Bb6 Rd2 28. Nxa6 Ra2 29. Nc7 Be2 30. a6 Bf3 31. a7 Bd8 32.
a8=Q Bxa8 33. Nxa8 Rxa8 34. Bc5 Bf6 35. Rd1 Ra2 36. Rd7 Rb2 37. Rb7 Bc3 38. Rxb5 f5 39. Rb7 Be5 40. Be3 f4 41. gxf4 Bf6 42. Rb6 Kf7 43.
Rxf6+ Ke7 44. Rb6 Rb1+ 45. Kg2 Kf7 46. b5 1-0

[Event "*** Titled Tuesday Blitz"]
[Site "Chess.com"]
[Date "2021.04.20"]
[Round "6"]
[White "Klavdia_Nik"]
[Black "Pantata007"]
[Result "0-1"]
[WhiteElo "2043"]
[BlackElo "2217"]
[TimeControl "180+1"]
[EndTime "11:05:32 PDT"]
[Termination "Pantata007 won on time"]

1. Nf3 d5 2. c4 d4 3. b4 f6 4. Bb2 e5 5. c5 a5 6. a3 axb4 7. axb4 Rxa1 8. Bxa1 Be6 9. e3 dxe3 10.
fxe3 Nc6 11. Bb5 Nh6 12. O-O Be7 13. Nxe5 fxe5 14. Bxe5 Nf7 15. Bxg7 Rg8 16. Bc3 Qd5 17. g3 Ng5 18. h4 Ne4 19. Kh2 Rxg3 20. Rf4 Rh3+ 21.
Kg1 Rxh4 22. Rxh4 Bxh4 23. Qf3 Qg5+ 24. Kf1 Ng3+ 25. Kg2 Nf5+ 26. Kh2 Bg3+ 0-1

[Event "*** Titled Tuesday Blitz"]
[Site "Chess.com"]
[Date "2021.04.20"]
[Round "6"]
[White "Chernov_Alexander_A"]
[Black "WiktoriaPOL"]
[Result "0-1"]
[WhiteElo "2290"]
[BlackElo "2047"]
[TimeControl "180+1"]
[EndTime "11:05:32 PDT"]
[Termination "WiktoriaPOL won by resignation"]

1. Nf3 Nf6 2. g3 g6 3. Bg2 Bg7 4. O-O O-O 5. d4 d6 6. b3 Nc6 7. Bb2 e5 8. dxe5 dxe5 9. c4 e4 10. Ng5 Qxd1 11. Rxd1 Bf5 12. Nc3 Rfe8 13. Nd5 Nxd5 14.
Bxg7 Ne3 15. fxe3 Kxg7 16. g4 Bxg4 17. Nxe4 Bxe2 18. Rd2 Bg4 19. Kf2 Bf5 20. Nc5 Ne5 21. Bxb7 Rab8 22. Bf3 Bg4 23. Bg2 Bh5 24. h3 Rbd8 25.
Ke1 Nf3+ 26. Bxf3 Bxf3 27. Rd4 Rxd4 28. Kf2 Rh4 29. Kxf3 Rxh3+ 30. Kf2 Rhxe3 31. a4 Re2+ 32. Kf1 Rh2 33. Kg1 Ree2 34. Rd1 Reg2+ 35. Kf1 Rh1+ 36.
Kxg2 Rxd1 37. Na6 c6 38. Nb8 Rd6 39. c5 Re6 40. b4 h5 41. b5 cxb5 42. axb5 Re8 43.
Nc6 Rc8 44. Nxa7 Rxc5 45. b6 Rc2+ 46. Kg3 Rb2 47. Nc8 g5 48. Kf3 f5 49. Ke3 h4 50.
Nd6 Rxb6 51. Nxf5+ Kg6 52. Nd4 Kh5 53. Kf2 g4 54.
Ke3 Rf6 55. Ke2 h3 0-1

[Event "*** Titled Tuesday Blitz"]
[Site "Chess.com"]
[Date "2021.04.20"]
[Round "6"]
[White "not_najdorfs_player"]
[Black "ChampStan"]
[Result "1-0"]
[WhiteElo "2370"]
[BlackElo "2089"]
[TimeControl "180+1"]
[EndTime "11:05:33 PDT"]
[Termination "not_najdorfs_player won by resignation"]

1. Nf3 Nf6 2. d4 e6 3. e3 b6 4.
c4 Bb7 5. Bd3 Be7 6. O-O O-O 7.
Nbd2 d5 8. b3 c5 9. dxc5 bxc5 10. Bb2 Nc6 11. Qe2 Re8 12. Rfd1 Bf8 13. Ne5 Nxe5 14. Bxe5 Nd7 15. Bb2 a5 16. Nf3 a4 17.
Rac1 axb3 18. axb3 h6 19. Bb1 Qb6 20. Qc2 f5 21. Ne5 Nf6 22. Ng6 Nh7 23. Qc3 Qc7 24. cxd5 Bxd5 25. Bxf5 exf5 26. Rxd5 Nf6 27. Rxf5 Red8 28.
Qc4+ Kh7 29. Nxf8+ Rxf8 30. Bxf6 Rxf6 31. Rxf6 gxf6 32.
Qe4+ 1-0

[Event "*** Titled Tuesday Blitz"]
[Site "Chess.com"]
[Date "2021.04.20"]
[Round "6"]
[White "Fh2411"]
[Black "mr_gustavo"]
[Result "1-0"]
[WhiteElo "2565"]
[BlackElo "2399"]
[TimeControl "180+1"]
[EndTime "11:05:34 PDT"]
[Termination "Fh2411 won by checkmate"]

1. d4 Nf6 2. Nf3 e6 3. Bf4 d5 4. e3 c5 5. c3 Qb6 6. Qc2 Nc6 7.
Nbd2 Be7 8. Bd3 O-O 9. O-O Qd8 10. Ne5 h6 11. Qd1 Nxe5 12. dxe5 Nd7 13. Qg4 Kh8 14.
Nf3 Qc7 15. Qh5 Kg8 16. g4 Rd8 17. g5 Nf8 18. gxh6 g6 19. Qg4 Bd7 20. h4 Be8 21.
Kh2 d4 22. exd4 cxd4 23. c4 b5 24. cxb5 Qb7 25. a4 a6 26. Rg1 axb5 27. a5 Qd5 28. h5 Rac8 29. Ng5 Bxg5 30. Qxg5 Nh7 31. Qh4 Qd7 32. hxg6 fxg6 33. Bxg6 Bxg6 34. Rxg6+ Kh8 35.
Rg7 Qd5 36. Rag1 Qe4 37. Rxh7+ Kxh7 38. Qe7+ Kh8 39. Qg7# 1-0

[Event "*** Titled Tuesday Blitz"]
[Site "Chess.com"]
[Date "2021.04.20"]
[Round "6"]
[White "DeTimmerman"]
[Black "GM_dmitrij"]
[Result "1-0"]
[WhiteElo "2833"]
[BlackElo "2899"]
[TimeControl "180+1"]
[EndTime "11:05:35 PDT"]
[Termination "DeTimmerman won on time"]

1. b4 e5 2. Bb2 Bxb4 3. Bxe5 Nf6 4. Nc3 O-O 5. Bxf6 Qxf6 6. Nd5 Qd6 7. c4 Ba5 8. e3 c6 9. Nf4 Qe7 10. Nf3 d6 11.
Be2 Nd7 12. O-O Nf6 13. d4 Bf5 14. Bd3 Ne4 15. Qc2 Rae8 16. Nh5 Bg4 17. Ng3 Bxf3 18. gxf3 Nd2 19. Kg2 Nxf1 20. Rxf1 g6 21. f4 a6 22. Rh1 Qh4 23. Rb1 Qe7 24. h4 b5 25. Rh1 c5 26.
dxc5 dxc5 27. h5 bxc4 28. Bxc4 Qb7+ 29. Kg1 Qc6 30. hxg6 Qxg6 31. Bd3 f5 32. Bxf5 Rxf5 33. Qxf5 Qxf5 34. Nxf5 c4 35. Kg2 Bd2 36. Nd6 Re6 37.
Nxc4 Bc3 38. Kf3 Rc6 39. Ne5 Rc5 40. Ke4 Ra5 41. Rg1+ Kf8 42. Rc1 Bb4 43. Rc8+ Kg7 44. Rc7+ Kg8 45. Ng4 h5 46. Nf6+ Kf8 47. Rh7 Rxa2 48.
Kf5 1-0